 Dungeon Crawl Stone Soup version 0.24-a0-130-ga3c21ff (webtiles) character file.

Game seed: 10956968747249711667

103 zishaf the Skirmisher (level 5, -1/42 HPs)
             Began as a Formicid Abyssal Knight on Feb 27, 2019.
             Was a Follower of Lugonu.
             Slain by a scorpion (6 damage)
             ... on level 4 of the Dungeon.
             The game lasted 00:04:29 (2245 turns).

zishaf the Skirmisher (Formicid Abyssal Knight)     Turns: 2245, Time: 00:04:30

Health: -1/42      AC:  6    Str: 17    XL:     5   Next: 6%
Magic:  16/16      EV: 10    Int: 12    God:    Lugonu [*.....]
Gold:   204        SH:  0    Dex: 10    Spells: 4/4 levels left

rFire    . . .     SeeInvis +   a - +1 hand axe
rCold    . . .     Gourm    .   (no shield)
rNeg     . . .     Faith    .   v - +0 ring mail
rPois    .         Spirit   .   (helmet unavailable)
rElec    .         Reflect  .   o - +0 cloak (curse)
rCorr    .         Harm     .   (no gloves)
MR       .....                  (no boots)
Stlth    ..........             e - amulet of regeneration
HPRegen  0.54/turn              g - ring of magical power
MPRegen  0.15/turn              (no ring)

@: lethally poisoned (-1 -> -10), drained
A: permanent stasis, dig shafts and tunnels, four strong arms, antennae 3
a: Dig, Shaft Self, Depart the Abyss, Renounce Religion


You were on level 4 of the Dungeon.
You worshipped Lugonu.
Lugonu was aware of your devotion.
You were very hungry.

You visited 1 branch of the dungeon, and saw 4 of its levels.
You visited the Abyss 1 time.

You collected 204 gold pieces.

Inventory:

Hand Weapons
 a - a +1 hand axe (weapon)
Missiles
 f - 45 sling bullets
 m - 68 stones (quivered)
Armour
 b - a +0 leather armour
 o - a cursed +0 cloak (worn)
 v - a +0 ring mail (worn)
Jewellery
 e - an amulet of regeneration (around neck)
 g - a ring of magical power (left hand)
 q - an uncursed amulet of harm
Wands
 y - a wand of digging (7)
Scrolls
 i - 3 scrolls of remove curse {unknown}
 j - a scroll of enchant armour {unknown}
 k - 3 scrolls of identify {unknown}
 l - 2 scrolls of fog {unknown}
 n - 2 scrolls of amnesia {unknown}
 w - a scroll of teleportation {unknown}
 x - a scroll of blinking {unknown}
Potions
 d - 2 potions of curing {unknown}
 h - a potion of flight {unknown}
 p - 2 potions of degeneration {unknown}
 r - a potion of might {unknown}
 s - 3 potions of lignification {unknown}
 t - a potion of ambrosia {unknown}
 u - a potion of agility {unknown}
 z - 2 potions of cancellation {unknown}
 A - a potion of brilliance {unknown}
 B - a potion of mutation {unknown}
Comestibles
 c - 6 rations


   Skills:
 + Level 4.1(3.1) Fighting
 + Level 2.9(1.9) Axes
 + Level 3.1(2.1) Armour
 - Level 1.0(0.0) Dodging
 + Level 3.4(2.4) Invocations


You had 4 spell levels left.
You didn't know any spells.
Your spell library was empty.

Dungeon Overview and Level Annotations

Branches:
Dungeon (4/15)
 Temple: D:4-7

Altars:
Ashenzari
Fedhas
Kikubaaqudgha
Trog
Uskayaw


Innate Abilities, Weirdness & Mutations

You cannot be hasted, slowed, berserked, paralysed or teleported.
You can dig through walls and to a lower floor.
Your four strong arms can wield two-handed weapons with a shield.
You have a pair of large antennae on your head. (SInv)


Message History

The scorpion is heavily wounded.
You feel sick. The scorpion closely misses you.
You hit the scorpion.
The scorpion is severely wounded.
You feel sick. The scorpion stings you.
You closely miss the scorpion.
The scorpion is severely wounded.
You feel sick. The scorpion stings you.
Your ring mail prevents you from hitting the scorpion.
The scorpion is severely wounded.
You feel sick. The scorpion stings you!
* * * LOW HITPOINT WARNING * * *
You are lethally poisoned!
The scorpion poisons you!
You hit the scorpion.
The scorpion is almost dead.
* * * LOW HITPOINT WARNING * * *
You feel very sick. The scorpion stings you.
You die...

###########.#
#......@s...#
#.########.....
#.# ... #.# #
#[# #.#
#########
#.####
##.?.g.o.#
#....#
#<..g.##.{...
###..# #.....#
{ ....


You could see a scorpion.

Vanquished Creatures
  A worker ant (D:4)
  A gnoll (D:3)
  2 adders (D:3)
  An ooze (D:3)
  A leopard gecko (D:2)
  An orc (D:4)
  A ball python (D:2)
  3 giant cockroaches
  9 goblins
  3 hobgoblins (D:1)
  3 jackals (D:2)
  7 kobolds
  2 quokkas
  7 frilled lizards
  A jackal skeleton (D:3)
  2 rats
45 creatures vanquished.

Notes
Turn   | Place    | Note
-------+----------+-------------------------------------------
     0 | Abyss:1  | zishaf the Formicid Abyssal Knight began the quest for the
                  | Orb.
     0 | Abyss:1  | Reached XP level 1. HP: 18/18 MP: 2/2
    92 | Abyss:1  | Noticed a tentacled starspawn
    94 | Abyss:1  | Noticed a bone dragon
    95 | D:1      | Escaped the Abyss
   155 | D:1      | Reached skill level 1 in Dodging
   162 | D:1      | Reached XP level 2. HP: 17/24 MP: 3/3
   169 | D:1      | Reached * piety under Lugonu
   835 | D:2      | Reached XP level 3. HP: 29/29 MP: 4/4
  1072 | D:2      | Found a bloodstained altar of Trog.
  1295 | D:2      | Found a shattered altar of Ashenzari.
  1339 | D:3      | Found a shattered altar of Ashenzari.
  1538 | D:3      | Reached XP level 4. HP: 31/37 MP: 6/6
  1789 | D:3      | Found an ancient bone altar of Kikubaaqudgha.
  1789 | D:3      | Found a blossoming altar of Fedhas.
  1789 | D:3      | Found a hide-covered altar of Uskayaw.
  1907 | D:3      | Reached skill level 4 in Fighting
  2004 | D:4      | Noticed an ogre
  2116 | D:4      | Reached XP level 5. HP: 13/42 MP: 7/7
  2245 | D:4      | Slain by a scorpion

Levels and vault maps discovered:
D:1:      psy_arrival_dodecagon, layout_basic
D:2:      layout_basic, lemuel_coloured_pillars_altar, trog_book
D:3:      layout_rooms, gammafunk_temple_overflow_claw, evilmike_ruin_ashenzari
D:4:      layout_loops_cross, kennysheep_mini, first_ration, uniq_robin
Abyss:1

Skill      XL: |  1  2  3  4 |
---------------+-------------+-----
Dodging        | 1 |  1.0
Invocations    | 3 |  3.4
Fighting       | 4 |  4.1
Armour         | 3 |  3.1
Axes           | |  2.9

Action                   |  1- 3 |  4- 6 || total
-------------------------+-------+-------++-------
Melee: Hand axe          |   103 |    68 ||   171
Invok: Depart the Abyss  |     1 |       ||     1
  Eat: Chunk             |     2 |     1 ||     3
Armor: Leather armour    |    30 |       ||    30
       Ring mail         |     4 |    30 ||    34
Dodge: Dodged            |    59 |    35 ||    94

Table legend:
 A = Non-vault XP
 B = Vault XP
 C = Vault XP percentage of total XP
 D = Non-vault monster count
 E = Vault monster count
 F = Vault count percentage of total count
                 A         B        C        D         E       F
            +---------+---------+-------+---------+---------+-------
      Total |     148 |       0 |   0.0 |      45 |       0 |   0.0
            +---------+---------+-------+---------+---------+-------
        D:1 |      28 |       0 |   0.0 |      17 |       0 |   0.0
        D:2 |      26 |       0 |   0.0 |      15 |       0 |   0.0
        D:3 |      57 |       0 |   0.0 |      11 |       0 |   0.0
        D:4 |      37 |       0 |   0.0 |       2 |       0 |   0.0
            +---------+---------+-------+---------+---------+-------
